 Dungeon Crawl Stone Soup version 0.16.1-51-g6203257 (webtiles) character file.

797183 Tessst the Acrobat (level 27, -6/214 HPs)
             Began as a Human Fighter on July 5, 2015.
             Was the Champion of Cheibriados.
             Killed from afar by a hellion (27 damage)
             ... with a burst of hellfire
             ... on level 18 of a ziggurat on July 6, 2015.
             The game lasted 07:23:55 (91845 turns).

Tessst the Acrobat (Human Fighter)                 Turns: 91845, Time: 07:23:55

Health: -6/214     AC: 46    Str: 51    XL:     27
Magic:  31/43      EV: 49    Int: 26    God:    Cheibriados [******]
Gold:   7633       SH: 29    Dex: 43    Spells: 0 memorised, 34 levels left

rFire  + + +     SeeInvis .     T - +9 broad axe (distort)
rCold  . . .     Clarity  +     L - +10 plate armour of the Ladybird {Regen+ Str+2 Dex+2}
rNeg   + + +     SustAb   .     m - +5 shield {AC+3}
rPois  +         Gourm    .     M - +0 hat of Summertime {+Fly Str+4}
rElec  +         Spirit   .     e - +2 cloak "Chogeb" {-Cast rPois rF+ rN+}
rCorr  .         Warding  .     C - +2 pair of fencer's gloves {EV+3 Dex+6 Slay+2}
rMut   .         NoTele   +     t - +2 pair of boots "Mnoev" {rN+ Stlth+}
MR     +++..     NoCast   +     F - amulet "Cabopir" {Clar rF+ MR+}
Stlth  +.........               y - +5 ring of slaying
                                D - ring of Elaryaf {-Tele rElec rF+ rN+ MP+9}

@: mighty, agile, studying Charms, very slow, extremely resistant to hostile
enchantments, very unstealthy
A: blurry vision 1, frail 1
a: Bend Time, Temporal Distortion, Slouch, Step From Time, Renounce Religion,
Evoke Flight
}: 3/15 runes: serpentine, barnacled, silver


You were on level 18 of a ziggurat.
You worshipped Cheibriados.
Cheibriados was exalted by your worship.
You were very full.

You visited 10 branches of the dungeon, and saw 56 of its levels.
You visited the Abyss 4 times.
You visited 1 ziggurat, and saw 18 of its levels.
You also visited: Sewer, Ice Cave and Wizlab.

You collected 9102 gold pieces.
You spent 1469 gold pieces at shops.

Inventory:

Hand weapons
 a - a +9 broad axe
 I - the +9 battleaxe "Killer Klown's Foe" {flame, rPois rC+ SInv}
   (You took it off a yaktaur on level 5 of the Depths)

   It has been specially enchanted to burn those struck by it, causing extra
   injury to most foes and up to half again as much damage against particularly
   susceptible opponents.
   Big, fiery blades are also staple armaments of hydra-hunters.
   It protects you from cold.
   It protects you from poison.
   It enhances your eyesight.
 T - a +9 broad axe of distortion (weapon)
Armour
 e - the +2 cloak "Chogeb" (worn) {-Cast rPois rF+ rN+}
   (You found it on level 5 of the Dungeon)

   It protects you from fire.
   It protects you from poison.
   It protects you from negative energy.
   It prevents spellcasting.
 m - a +5 shield of protection (worn)
 n - a +2 cloak of magic resistance
 t - the +2 pair of boots "Mnoev" (worn) {rN+ Stlth+}
   (You found it on level 17 of a ziggurat)

   It protects you from negative energy.
   It makes you more stealthy.
 w - a +2 pair of boots of flying
 C - the +2 pair of fencer's gloves (worn) {EV+3 Dex+6 Slay+2}
   (You acquired it on level 5 of the Depths)

   It affects your evasion (+3).
   It affects your dexterity (+6).
   It affects your accuracy and damage with ranged weapons and melee attacks
   (+2).
 L - the +10 plate armour of the Ladybird (worn) {Regen+ Str+2 Dex+2}
   (You found it on level 5 of the Shoals)

   It affects your strength (+2).
   It affects your dexterity (+2).
   It increases your rate of regeneration.
 M - the +0 hat of Summertime (worn) {+Fly Str+4}
   (You found it on level 5 of the Realm of Zot)

   It affects your strength (+4).
   It lets you fly.
Jewellery
 l - a +4 ring of evasion
 y - a +5 ring of slaying (right hand)
 D - the ring of Elaryaf (left hand) {-Tele rElec rF+ rN+ MP+9}
   (You bought it in a shop on level 4 of the Shoals)

   [ring of magical power]

   It protects you from fire.
   It insulates you from electricity.
   It protects you from negative energy.
   It affects your magic capacity (+9).
   It prevents most forms of teleportation.
 F - the amulet "Cabopir" (around neck) {Clar rF+ MR+}
   (You found it on level 15 of a ziggurat)

   [amulet of clarity]

   It provides mental clarity.
   It protects you from fire.
   It affects your resistance to hostile enchantments.
 G - the amulet of Truth {Ward rPois rF+ rN+ Int-4}
   (You found it on level 6 of a ziggurat)

   [amulet of warding]

   It may prevent the melee attacks of summoned creatures.
   It affects your intelligence (-4).
   It protects you from fire.
   It protects you from poison.
   It protects you from negative energy.
 H - an uncursed amulet of resist mutation
 K - the ring "Cacrua Miuno" {+Blink rC+ Str+5 Dex-2}
   (You found it on level 8 of a ziggurat)

   [ring of strength]

   It affects your strength (+5).
   It affects your dexterity (-2).
   It protects you from cold.
   It lets you blink.
 P - a +4 ring of protection
 U - the ring of Utirph {MR+ Str+7}
   (You took it off a spriggan berserker on level 1 of the Depths)

   [ring of protection from magic]

   It affects your strength (+7).
   It affects your resistance to hostile enchantments.
 W - an uncursed amulet of regeneration
 X - the ring "Miehis" {Fire rElec Str-3 Dex+2 Slay+3}
   (You found it on level 10 of a ziggurat)

   [ring of fire]

   It enhances your fire magic, and weakens your ice magic.
   It affects your strength (-3).
   It affects your dexterity (+2).
   It affects your accuracy and damage with ranged weapons and melee attacks
   (+3).
   It protects you from fire.
   It makes you vulnerable to cold.
   It insulates you from electricity.
Magical devices
 i - a wand of fireball (5)
 p - a wand of digging (4)
 B - a wand of heal wounds (5)
 S - a wand of teleportation (7)
 V - a wand of invisibility (3)
Scrolls
 b - 5 scrolls of enchant armour
 f - 6 scrolls of teleportation
 j - 8 scrolls of magic mapping
 q - 26 scrolls of remove curse
 v - 9 scrolls of recharging
 O - a scroll of blinking
 Q - a scroll of holy word
 R - a scroll of fog
 Z - a scroll of enchant weapon
Potions
 h - 3 potions of invisibility
 o - 4 potions of might
 r - 10 potions of curing
 s - a potion of cure mutation
 x - 4 potions of resistance
 z - a potion of cancellation
 A - 10 potions of restore abilities
Books
 N - a manual of Charms
 Y - a book of Party Tricks

   Spells                             Type                      Level
   a - Summon Butterflies             Summoning                    1
   b - Apportation                    Translocation                1
   c - Tukima's Dance                 Hexes                        3
   d - Alistair's Intoxication        Transmutation/Poison         4
   e - Invisibility                   Hexes                        6
Miscellaneous
 g - a legendary deck of wonders
Comestibles
 d - 20 bread rations
 k - 21 meat rations
 J - 15 royal jellies


   Skills:
 - Level 24.0 Fighting
 - Level 25.0 Axes
 - Level 24.0 Armour
 * Level 26.9 Dodging
 - Level 24.3 Shields
 - Level 4.3 Spellcasting
 - Level 8.1 Invocations
 - Level 7.0 Evocations


You had 34 spell levels left.
You didn't know any spells.

Dungeon Overview and Level Annotations

Branches:
Dungeon (15/15)            Temple (1/1) D:6            Lair (8/8) D:9
 Shoals (5/5) Lair:6        Snake (5/5) Lair:5        Slime (0/6) Lair:8
    Orc (4/4) D:11            Elf (3/3) Orc:4        Vaults (5/5) D:13
  Crypt (0/3) Vaults:3     Depths (5/5) D:15            Zot (5/5) Depths:5

Altars:
Ashenzari
Cheibriados
Dithmenos
Elyvilon
Fedhas
Kikubaaqudgha
Okawaru
Sif Muna
Trog
Yredelemnul
Zin
Beogh
Jiyva
Lugonu

Shops:
D:9 *!   D:13 ?   Orc:1 :   Orc:2 :   Orc:4 [(?!   Elf:1 :   Elf:2 [
Shoals:2 %   Shoals:4 *   Snake:4 %   Vaults:3 %   Depths:1 :   Depths:5 [

Portals:
Hell: Depths:1 Depths:2 Depths:3 Depths:4 Depths:5
Abyss: Depths:1 Depths:4 Depths:5
Pandemonium: Depths:3 Depths:4 Depths:5
Trove: Depths:3 (give 12 potions of heal wounds)

Annotations:
D:9 exclusion: 2 oklob saplings
D:13 exclusion: orange crystal statue
Lair:8 1 runed door
Snake:3 1 exclusion
Depths:5 exclusion: door


Innate Abilities, Weirdness & Mutations

Scrolls take you a little longer to read.
You are frail (-10% HP).


Message History

The Hell Sentinel seems to gain new vigour!
The hellion seems to gain new vigour!
The Ice Fiend seems to gain new vigour!
The balrug gestures at you. The bolt of fire misses you.
You block the Hell Sentinel's attack. The Hell Sentinel misses you.
Use which ability? (? or * to list)
You step out of the flow of time.
You return to the normal time flow.
You feel somewhat less full.
The hellion gives a hideous shriek!
Unknown command.
Evoke which item? (* to show all) (? for menu, Esc to quit)
Zapping:
B - a wand of heal wounds (6)
Press: ? - help, Shift-Dir - straight line, f - you You feel much better.
This wand has 5 charges left.
The hell beast gives a hideous shriek!
The rakshasa gestures at you. You block the orb of energy.
The hellion gestures at you.
The hellfire explodes!
The burst of hellfire engulfs you!
You die...

......................
:..2......≈8≈..........
$|.)....................
|)6&R...................
..62§...................
...1622.[................
▓...2.......▓▓▓▓▓▓
▓.......21..▓
▓@....2.2...▓
▓...........▓
▓...........▓
▓...........▓
▓▓▓▓▓▓▓▓▓▓▓▓▓


You could see a hell beast, a balrug, an Executioner (wandering), a blizzard
demon and 2 hellions.

Vanquished Creatures
  12 orbs of fire
  6 ancient liches
  The ghost of Uberwunderbarhen the Skullcrusher, a legendary GrFi of the Shining One (Zig:14)
  A greater mummy (Zig:4)
  Sojobo (Depths:3)
  Norris (Vaults:1)
  Saint Roka (Orc:4)
  2 caustic shrikes
  2 curse toes (Zot:4)
  4 Killer Klowns
  12 golden dragons
  A profane servitor (Abyss:1)
  Frederick (Vaults:3)
  5 pandemonium lords
  3 bone dragons (Abyss:1)
  4 Brimstone Fiends
  3 electric golems
  7 liches
  A hellephant (Abyss:1)
  The ghost of ThorGoll the Ogre Mage, a mighty OgAE of Vehumet (Depths:1)
  26 tentacled monstrosities
  An Ice Fiend (Zig:12)
  Vashnia (Snake:3)
  2 Hell Sentinels
  8 titans
  4 Shadow Fiends
  7 deep elf blademasters
  4 deep elf master archers
  25 Orb Guardians (Zot:5)
  3 quicksilver dragons
  4 eldritch tentacles
  4 sphinxes
  Polyphemus (Shoals:1)
  An octopode crusher (Shoals:5)
  10 tentacled starspawn
  Agnes (Vaults:2)
  13 storm dragons
  7 Executioners
  Kirke (Shoals:4)
  11 tengu reavers
  Frances (D:15)
  7 shadow dragons
  Roxanne (Shoals:2)
  12 draconian monks
  Ilsuiw (Shoals:3)
  4 daevas
  15 greater nagas
  Wiglaf (Shoals:5)
  9 frost giants
  3 iron dragons
  3 orc warlords
  18 fire giants
  The ghost of Gargoyl the Bludgeoner, a mighty GrBe of Trog (Elf:3)
  4 draconian scorchers
  Aizul (Snake:3)
  Louise (D:14)
  8 emperor scorpions
  A draconian knight (Zot:3)
  5 ghost moths
  11 deep elf sorcerers
  6 draconian zealots
  20 vault wardens
  A cacodemon (Abyss:1)
  7 draconian annihilators
  3 spriggan defenders
  A warmonger (Zig:8)
  A caustic shrike zombie (Zig:15)
  Jorgrun (Elf:3)
  9 balrugs
  2 angels
  16 very ugly things
  18 ironheart preservers
  A caustic shrike skeleton (Zig:15)
  3 reapers
  2 blood saints
  4 war gargoyles
  2 draconian callers (Zot:4)
  13 deep elf demonologists
  10 green draconians
  23 stone giants
  8 grey draconians
  9 draconian shifters
  4 chaos champions
  6 red draconians
  A corrupter (Zig:8)
  3 lorocyprocas
  5 black draconians
  6 yellow draconians
  10 deep elf annihilators
  Azrael (D:15)
  7 dire elephants
  8 mottled draconians
  4 pale draconians (Zot:1)
  7 purple draconians
  12 white draconians
  A minotaur (shapeshifter) (Depths:5)
  5 blizzard demons
  5 merfolk javelineers
  A crystal guardian (Vaults:4)
  Snorg (Shoals:2)
  26 fire dragons
  A quicksilver dragon zombie (Vaults:4)
  4 green deaths
  21 ettins
  8 deep elf death magi
  An orange crystal statue (WizLab)
  46 vault guards
  4 deep elf high priests
  3 jiangshi (Depths:5)
  4 minotaurs
  7 merfolk impalers
  23 ice dragons
  25 yaktaur captains
  Fannar (D:13)
  3 catoblepae
  7 great orbs of eyes
  8 rakshasas
  7 death cobs
  Harold (Elf:1)
  3 hell beasts
  14 hydras
  29 naga warriors
  10 centaur warriors
  10 monstrous demonspawn (WizLab)
  A ghost crab (shapeshifter) (Depths:4)
  18 anacondas
  Nessos (Elf:1)
  3 merfolk avatars
  19 dancing weapons
  3 spriggan air magi
  9 merfolk aquamancers
  10 deep troll earth magi
  4 satyrs
  11 deep troll shamans
  24 ogre magi
  9 shock serpents
  30 death yaks
  A death knight (Depths:5)
  13 thrashing horrors
  7 orc high priests (Orc:4)
  3 tengu warriors (Depths:1)
  2 vampire magi (Depths:5)
  2 hell hogs (Depths:1)
  A titan zombie (Zig:15)
  8 spriggan berserkers
  23 naga sharpshooters
  Nergalle (D:13)
  A sun demon (Zig:14)
  The ghost of ghwc the Thaumaturge, a powerful VSWz of Okawaru (Lair:1)
  6 iron trolls
  13 hell knights
  2 soul eaters
  15 wretched stars
  3 shadow wraiths
  11 sea snakes
  2 storm dragon skeletons
  2 golden dragon zombies
  5 spatial maelstroms (Abyss:1)
  3 ice devils
  2 death drakes (shapeshifter)
  A fire crab (shapeshifter) (Zig:16)
  2 giant orange brains (shapeshifter) (Zig:16)
  4 salamander mystics
  36 deep elf knights
  28 deep elf summoners
  6 unseen horrors
  8 giant orange brains
  10 naga ritualists
  An unseen horror (shapeshifter) (Depths:1)
  2 shadow demons
  A lindwurm (shapeshifter) (Depths:3)
  37 deep trolls
  3 death drakes
  3 shadow dragon zombies (Zig:10)
  9 necromancers
  An ice statue (IceCv)
  11 ironbrand convokers
  An obsidian statue (Zig:2)
  A wizard (Vaults:1)
  An anubis guard (Zig:4)
  10 flayed ghosts
  28 harpies
  A tengu zombie (Vaults:4)
  A lindwurm (Shoals:4)
  An iron dragon zombie (Depths:5)
  2 deathcaps (Zot:4)
  A golden dragon skeleton (Zig:15)
  40 large abominations
  20 griffons
  5 wolf spiders
  A hornet (shapeshifter) (Abyss:1)
  18 hill giants
  22 orc knights
  27 salamanders
  23 fauns
  26 deep elf conjurers
  3 orb spiders (Zig:5)
  10 orc sorcerers
  2 draconian zombies (Zot:4)
  A fire giant zombie (Vaults:3)
  5 hornets
  A tengu skeleton (Vaults:3)
  4 phantasmal warriors
  A frost giant zombie (Vaults:3)
  7 cyclopes
  A manticore (shapeshifter) (Depths:3)
  An oklob plant (Lair:7)
  2 iron dragon skeletons (Zig:15)
  4 mana vipers
  8 sixfirhies
  14 elephants
  A shining eye (shapeshifter) (Zig:16)
  An octopode (shapeshifter) (Vaults:1)
  9 water nymphs
  26 manticores
  62 ugly things
  3 drowned souls (Shoals:4)
  7 worldbinders
  19 vault sentinels
  3 centaur zombies
  11 sirens
  A stone giant skeleton (Depths:2)
  57 black mambas
  2 fire giant skeletons (Zig:10)
  Maurice (Orc:4)
  18 moths of wrath
  An eye of devastation (shapeshifter) (Zig:16)
  9 smoke demons
  A spriggan zombie (Zig:10)
  3 apocalypse crabs
  4 hellions
  4 orange demons
  A spiny frog (shapeshifter) (Vaults:2)
  2 moths of wrath (shapeshifter)
  21 spiny frogs
  A gargoyle (D:13)
  A yellow draconian zombie (Zot:5)
  A white draconian zombie (Zot:4)
  3 torpor snails
  2 yaktaurs (shapeshifter)
  Psyche (D:8)
  A spriggan skeleton (Zig:15)
  38 naga magi
  An eye of devastation (Zig:11)
  37 small abominations
  6 hellwings
  3 centaur skeletons
  10 guardian serpents
  A red draconian zombie (Zot:5)
  A fire drake (shapeshifter) (D:14)
  9 komodo dragons
  A kobold demonologist (Vaults:3)
  A rust devil (Elf:1)
  18 demonic crawlers
  6 fire drakes
  9 efreet
  4 tormentors
  A grey draconian zombie (Zot:4)
  2 jumping spiders (shapeshifter)
  A yaktaur skeleton (Vaults:3)
  An elf (shapeshifter) (Zig:6)
  2 guardian mummies (Zig:4)
  6 wind drakes
  7 ancient zymes
  3 harpy zombies (Shoals:4)
  25 raiju
  9 freezing wraiths
  5 blue devils
  4 red devils
  12 deep elf priests
  3 tengu conjurers
  38 two-headed ogres
  48 yaktaurs
  5 jumping spiders
  42 merfolk
  20 polar bears
  A raven (shapeshifter) (Elf:2)
  10 trolls
  30 slime creatures
  Grinder (D:7)
  A griffon zombie (Shoals:4)
  2 two-headed ogres (shapeshifter) (Vaults:1)
  5 snapping turtles
  4 wandering mushrooms
  3 ravens
  3 basilisks
  An ettin zombie (Depths:5)
  3 air elementals (Depths:2)
  2 redbacks (shapeshifter)
  10 boulder beetles
  3 spriggans (Depths:4)
  A raiju (shapeshifter) (Zig:14)
  A trapdoor spider (D:13)
  A fire dragon zombie (Depths:1)
  2 vampires
  23 redbacks
  10 tarantellas
  18 water elementals
  8 wraiths
  An ettin skeleton (Vaults:4)
  8 flying skulls
  5 fire bats
  A spriggan (shapeshifter) (Vaults:4)
  24 hippogriffs
  11 fire elementals
  A black mamba skeleton (Abyss:1)
  49 deep elf magi
  7 ynoxinuls
  60 deep elf fighters
  2 humans (D:9)
  2 hungry ghosts
  2 golden eyes (Abyss:1)
  3 yaks (shapeshifter)
  76 yaks
  7 chaos spawn
  3 shadows
  3 hippogriffs (shapeshifter)
  6 hogs (Shoals:4)
  2 soldier ants
  10 neqoxecs
  4 wyverns
  6 steam dragons
  25 vampire mosquitoes
  64 nagas
  Edmund (D:7)
  4 mottled dragons
  A water moccasin (shapeshifter) (Vaults:4)
  6 spatial vortices (Abyss:1)
  37 water moccasins
  2 swamp drakes (Lair:8)
  19 wargs
  A spider (Abyss:1)
  49 wolves
  A human skeleton (Zig:15)
  24 hell hounds
  A sky beast (D:9)
  15 black bears
  2 necrophages
  An eye of draining (Abyss:1)
  9 human zombies
  66 orc warriors
  17 porcupines
  75 ogres
  6 wasps
  11 centaurs
  An ettin simulacrum (Vaults:3)
  12 ice beasts
  17 crocodiles
  3 boggarts (Depths:4)
  A brain worm (Abyss:1)
  Sigmund (D:4)
  2 lost souls
  A boring beetle (Zig:7)
  6 big kobolds
  24 giant frogs
  2 elf zombies
  12 killer bees
  3 hippogriff zombies (Shoals:4)
  3 vampire bats (D:4)
  3 scorpions
  A wight (Zig:15)
  10 crimson imps
  An electric eel (Lair:1)
  A goliath beetle (shapeshifter) (Vaults:1)
  5 quasits
  52 starcursed masses
  5 iron imps
  35 orc priests
  3 giant frog skeletons
  A wyvern simulacrum (D:14)
  21 hounds
  8 jellies
  30 orc wizards
  63 hell rats
  11 iguanas
  14 sheep
  A lightning spire (Zig:9)
  8 worker ants
  A boulder beetle simulacrum (Vaults:1)
  A hound skeleton (D:4)
  6 mummies
  34 adders
  A worker ant zombie (D:6)
  4 gnolls
  2 shadow imps
  A giant mite (D:6)
  65 river rats
  6 white imps
  2 worms
  A giant eyeball (D:14)
  18 ufetubi
  3 adder skeletons
  4 giant geckos
  An ooze (Sewer)
  307 orcs
  4 ball pythons
  A bat skeleton (D:4)
  7 bat zombies
  11 giant cockroaches
  12 hobgoblins
  8 jackals
  43 kobolds
  16 quokkas
  21 bats
  7 giant newts
  2 giant spores
  22 goblins
  A quokka skeleton (D:5)
  17 rats
  5 spectral orcs
  3 ballistomycetes
  4 butterflies (Zig:16)
  4 crawling corpses
  5 fungi
  A grand avatar (Zig:8)
  14 plants
  15 starspawn tentacles
4118 creatures vanquished.

Vanquished Creatures (others)
  2 Killer Klowns (Zig:16)
  A Brimstone Fiend (Zig:16)
  A tentacled monstrosity (Depths:4)
  A lich (Vaults:3)
  Asterion (Elf:1)
  A Shadow Fiend (Zig:16)
  An eldritch tentacle (Vaults:5)
  A draconian scorcher (Zot:4)
  2 fire giants (Vaults:5)
  A draconian zealot (Zot:3)
  A cacodemon (Zig:16)
  A draconian knight (Zot:2)
  A stone giant (Depths:1)
  A grey draconian (Zot:3)
  2 deep elf high priests
  2 fire dragons (Zig:17)
  A great orb of eyes (Abyss:1)
  A centaur warrior (Vaults:3)
  A monstrous demonspawn (Zig:18)
  A spriggan berserker (Depths:5)
  4 deep elf knights
  An iron troll (shapeshifter) (Zig:16)
  A harpy (Zig:16)
  A wizard (Depths:1)
  2 necromancers
  2 deep elf conjurers
  A large abomination (Abyss:1)
  A naga mage (Zig:13)
  A fire drake (shapeshifter) (Depths:3)
  2 yaktaurs
  3 fire drakes (Zig:17)
  A polar bear (Depths:5)
  A red devil (Depths:1)
  A wind drake (Zot:4)
  2 deep elf magi
  A ynoxinul (Abyss:1)
  A shadow (Zig:15)
  A yak (IceCv)
  A vampire mosquito (Vaults:1)
  A deep elf fighter (Vaults:5)
  A neqoxec (Abyss:1)
  A naga (Snake:5)
  4 wolves (IceCv)
  A swamp drake (Lair:8)
  2 ogres
  An ice beast (Vaults:3)
  2 boggarts (Depths:4)
  2 lost souls
  An elf simulacrum (Zig:11)
  2 small abominations (Abyss:1)
  A human skeleton (Vaults:3)
  An electric eel (Lair:1)
  An orc wizard (Orc:4)
  A white imp (Abyss:1)
  3 ufetubi
  A giant spore (D:5)
  A goblin (D:4)
  2 lurking horrors
  224 eldritch tentacle segments
  25 fungi
  20 plants
  22 starspawn tentacles
  469 starspawn tentacle segments
  13 toadstools (Lair:4)
854 creatures vanquished.

Grand Total: 4972 creatures vanquished

Notes
Turn   | Place    | Note
--------------------------------------------------------------
     0 | D:1      | Tessst, the Human Fighter, began the quest for the Orb.
     0 | D:1      | Reached XP level 1. HP: 18/18 MP: 1/1
   165 | D:1      | Reached skill level 1 in Dodging
   165 | D:1      | Reached XP level 2. HP: 20/24 MP: 2/2
   407 | D:1      | Reached XP level 3. HP: 27/29 MP: 3/3
  1064 | D:2      | Reached XP level 4. HP: 30/35 MP: 4/4
  1233 | D:2      | Found a bloodstained altar of Trog.
  2419 | D:3      | Found a basalt altar of Yredelemnul.
  2461 | D:4      | Found a white marble altar of Elyvilon.
  2506 | D:4      | Noticed Grinder
  2509 | D:4      | Noticed Sigmund
  2532 | D:4      | Killed Sigmund
  2532 | D:4      | Reached skill level 4 in Axes
  2532 | D:4      | Reached XP level 5. HP: 36/41 MP: 5/5
  2548 | D:4      | Paralysed by Grinder for 6 turns
  2555 | D:4      | Reached skill level 9 in Axes
  2555 | D:4      | Reached XP level 6. HP: 32/47 MP: 6/6
  2568 | D:5      | Entered Level 5 of the Dungeon
  2900 | D:5      | Reached XP level 7. HP: 46/52 MP: 7/7
  3221 | D:5      | Got a slimy cloak
  3308 | D:5      | Noticed an ice beast
  3316 | D:5      | Killed an ice beast
  3479 | D:5      | Reached skill level 5 in Shields
  3479 | D:5      | Reached XP level 8. HP: 44/58 MP: 8/8
  4827 | D:4      | Found an ancient bone altar of Kikubaaqudgha.
  5390 | D:6      | Found a staircase to the Ecumenical Temple.
  5716 | D:6      | Found a glowing drain.
  5735 | Sewer    | Entered a sewer
  5741 | Sewer    | Identified the +2 cloak "Chogeb" {-Cast rPois rF+ rN+} (You found it on level 5 of the Dungeon)
  5926 | Sewer    | Reached XP level 9. HP: 63/63 MP: 9/9
  6638 | D:7      | Noticed Edmund
  6660 | D:7      | Killed Edmund
  7151 | D:7      | Reached XP level 10. HP: 26/73 MP: 10/10
  7429 | D:7      | Killed Grinder
  7429 | D:7      | Reached skill level 5 in Fighting
  8151 | D:8      | Noticed Psyche
  8176 | D:8      | Killed Psyche
  8264 | D:8      | Found a deep blue altar of Sif Muna.
  8926 | Temple   | Entered the Ecumenical Temple
  8935 | Temple   | Became a worshipper of Cheibriados the Contemplative
  9121 | D:9      | Noticed a hill giant
  9139 | D:9      | Killed a hill giant
  9490 | D:9      | Noticed a hill giant
  9510 | D:9      | Killed a hill giant
  9510 | D:9      | Acquired Cheibriados' first power
  9752 | D:9      | Found an iron altar of Okawaru.
  9811 | D:9      | Noticed a death yak
 10147 | D:9      | Found a shattered altar of Ashenzari.
 10154 | D:9      | Reached XP level 11. HP: 84/84 MP: 11/11
 10210 | D:10     | Entered Level 10 of the Dungeon
 10229 | D:10     | Killed a death yak
 10509 | D:9      | Found Astilush's Distillery.
 10528 | D:9      | Bought a potion of might for 48 gold pieces
 10528 | D:9      | Bought a potion of invisibility for 96 gold pieces
 10528 | D:9      | Bought a potion of invisibility for 96 gold pieces
 10528 | D:9      | Bought a potion of curing for 36 gold pieces
 10528 | D:9      | Bought a potion of might for 48 gold pieces
 10564 | D:9      | Bought a potion of agility for 48 gold pieces
 10569 | D:9      | Found a staircase to the Lair.
 10625 | D:9      | Found Ixkolef's General Store.
 10892 | D:9      | Found a blossoming altar of Fedhas.
 11269 | D:9      | Reached skill level 10 in Shields
 11410 | D:9      | Found a shadowy altar of Dithmenos.
 11528 | D:10     | Noticed a hill giant
 11541 | D:10     | Killed a hill giant
 11701 | D:10     | Acquired Cheibriados' second power
 12370 | D:11     | Found a staircase to the Orcish Mines.
 12381 | D:11     | Acquired Cheibriados' third power
 12391 | D:11     | Reached skill level 10 in Axes
 12589 | D:11     | Noticed a hill giant
 12603 | D:11     | Killed a hill giant
 12852 | D:11     | Noticed a hill giant
 12859 | D:11     | Killed a hill giant
 12928 | D:11     | Noticed a green ugly thing
 12943 | D:11     | Killed a green ugly thing
 13470 | D:11     | Noticed a hill giant
 13478 | D:11     | Killed a hill giant
 13628 | D:11     | Acquired Cheibriados' fourth power
 13834 | D:12     | Reached XP level 12. HP: 75/95 MP: 12/12
 14043 | D:12     | Reached skill level 11 in Axes
 14533 | D:12     | Noticed a hill giant
 14542 | D:12     | Killed a hill giant
 14612 | D:12     | Noticed a cyclops
 14622 | D:12     | Killed a cyclops
 15036 | D:12     | Reached skill level 10 in Fighting
 15159 | D:12     | Noticed a white ugly thing
 15160 | D:12     | Noticed a cyan ugly thing
 15166 | D:12     | Killed a white ugly thing
 15166 | D:12     | Reached skill level 12 in Axes
 15168 | D:12     | Killed an unseen horror
 15181 | D:12     | Killed a cyan ugly thing
 15579 | D:12     | Noticed a hill giant
 15589 | D:12     | Killed a hill giant
 15589 | D:12     | Reached skill level 1 in Invocations
 15682 | D:13     | Noticed Nergalle
 15804 | D:13     | Noticed a vault guard
 15807 | D:13     | Found a gate to the Vaults.
 15807 | D:13     | Noticed a vault guard
 15808 | D:13     | Noticed a vault guard
 15808 | D:13     | Noticed a vault guard
 15808 | D:13     | Noticed a vault guard
 15809 | D:13     | Noticed a vault guard
 15810 | D:13     | Noticed a vault guard
 15830 | D:12     | Killed a vault guard
 15830 | D:12     | Reached XP level 13. HP: 81/104 MP: 15/15
 15839 | D:12     | Killed a vault guard
 15839 | D:12     | Reached skill level 13 in Axes
 15857 | D:12     | Killed a vault guard
 16187 | D:12     | Killed a vault guard
 16196 | D:12     | Killed a vault guard
 16271 | D:13     | Killed a vault guard
 16285 | D:13     | Noticed a vault guard
 16309 | D:12     | Killed a vault guard
 16328 | D:12     | Killed a vault guard
 16651 | D:13     | Killed Nergalle
 16709 | D:13     | Reached skill level 14 in Axes
 17005 | D:13     | Found Pnianur's Magic Scroll Shoppe.
 17419 | D:13     | Noticed Fannar
 17458 | D:13     | Killed Fannar
 17800 | D:13     | Noticed a centaur warrior
 17813 | D:13     | Killed a centaur warrior
 18632 | D:14     | Reached XP level 14. HP: 113/113 MP: 20/20
 18641 | D:14     | Reached skill level 15 in Axes
 18649 | D:14     | Noticed Louise
 18649 | D:14     | Cast into the Abyss (Louise)
 18742 | D:14     | Escaped the Abyss
 19048 | Lair:1   | Entered Level 1 of the Lair of Beasts
 19230 | Lair:1   | Noticed ghwc's ghost (powerful VSWz)
 19243 | Lair:1   | Killed ghwc's ghost
 20168 | Lair:1   | Reached skill level 10 in Dodging
 20390 | Lair:2   | Reached skill level 1 in Evocations
 21648 | Lair:3   | Reached skill level 16 in Axes
 22247 | Lair:3   | Reached skill level 5 in Invocations
 23745 | Lair:5   | Reached XP level 15. HP: 118/118 MP: 24/24
 23784 | Lair:5   | Found a staircase to the Snake Pit.
 24051 | Lair:5   | Found a staircase to the Shoals.
 24562 | Lair:6   | Found a staircase to the Shoals.
 24622 | Lair:6   | Reached skill level 5 in Armour
 25591 | Lair:7   | Found a runed door.
 26558 | Lair:8   | Entered Level 8 of the Lair of Beasts
 26931 | Lair:8   | Reached skill level 5 in Evocations
 27462 | Lair:8   | Reached XP level 16. HP: 116/125 MP: 26/26
 28180 | Lair:8   | Found a runed door.
 28180 | Lair:8   | Found a viscous altar of Jiyva.
 28180 | Lair:8   | Noticed an acid blob
 28181 | Lair:8   | Found a staircase to the Slime Pits.
 28598 | Orc:1    | Entered Level 1 of the Orcish Mines
 28700 | Orc:1    | Found Maekilokke's Book Shoppe.
 28779 | Orc:2    | Found a frozen archway.
 28798 | IceCv    | Entered an ice cave
 29529 | IceCv    | Identified the Tome of Changing
 30157 | Orc:2    | Found Cefargh's Book Boutique.
 30834 | Orc:4    | Entered Level 4 of the Orcish Mines
 30870 | Orc:4    | Noticed Maurice
 30891 | Orc:4    | Killed Maurice
 31117 | Orc:4    | Noticed Saint Roka
 31144 | Orc:4    | Killed Saint Roka
 31629 | Orc:4    | Found a roughly hewn altar of Beogh.
 31684 | Orc:4    | Found Uwujofooq's Weapon Boutique.
 31779 | Orc:4    | Reached skill level 15 in Dodging
 32222 | Orc:4    | Found a roughly hewn altar of Beogh.
 32227 | Orc:4    | Found Gaufap's Distillery.
 32239 | Orc:4    | Found Daalipe's Magic Scroll Shop.
 32295 | Orc:4    | Bought a scroll of teleportation for 48 gold pieces
 32295 | Orc:4    | Bought a scroll of magic mapping for 56 gold pieces
 32295 | Orc:4    | Bought a scroll of magic mapping for 56 gold pieces
 32295 | Orc:4    | Bought a scroll of teleportation for 48 gold pieces
 32469 | Orc:4    | Reached XP level 17. HP: 104/131 MP: 28/28
 32648 | Orc:4    | Found Monuaw's Antique Armour Shop.
 32875 | Orc:4    | Bought a shiny plate armour for 506 gold pieces
 32875 | Orc:4    | Bought a glowing chain mail for 99 gold pieces
 32875 | Orc:4    | Bought a runed cloak for 99 gold pieces
 33305 | Orc:4    | Found a staircase to the Elven Halls.
 33783 | Elf:1    | Entered Level 1 of the Elven Halls
 34049 | Elf:1    | Found Xoydaryxt's Book Boutique.
 34097 | Elf:1    | Got a steaming falchion
 34098 | Elf:1    | Identified the cursed +3 falchion of Might {drain, Str+5} (You found it on level 1 of the Elven Halls)
 34115 | Elf:1    | Noticed Nessos
 34290 | Elf:1    | Identified Pirironi's Catalogue of Confrontation
 34378 | Elf:1    | Noticed Harold
 34386 | Elf:1    | Killed Harold
 34523 | Elf:1    | Killed Nessos
 34738 | Elf:1    | Reached skill level 10 in Armour
 35155 | Elf:1    | Noticed Asterion
 35168 | Elf:1    | Noticed a spectral weapon
 35176 | Elf:1    | Killed Asterion
 35957 | Elf:2    | Found Gadud's Armour Shoppe.
 36383 | Elf:2    | Found a runed gate.
 36384 | Elf:2    | Found a runed gate.
 36385 | Elf:2    | Found a runed gate.
 36498 | Elf:2    | Reached XP level 18. HP: 116/138 MP: 29/29
 37172 | Elf:2    | Noticed a deep elf blademaster
 37191 | Elf:2    | Killed a deep elf blademaster
 38895 | Elf:3    | Entered Level 3 of the Elven Halls
 39084 | Elf:3    | Noticed Jorgrun
 40352 | D:14     | Cast into the Abyss (Louise)
 40376 | Abyss:1  | Noticed a bone dragon
 40409 | Abyss:1  | Killed a bone dragon
 41018 | Abyss:1  | Found a corrupted altar of Lugonu.
 41021 | Abyss:1  | Reached skill level 15 in Shields
 41134 | Abyss:1  | Found a corrupted altar of Lugonu.
 41546 | Abyss:1  | Noticed a bone dragon
 41872 | Abyss:1  | Reached XP level 19. HP: 143/143 MP: 29/29
 42325 | Abyss:1  | Noticed a profane servitor
 42348 | Abyss:1  | Killed a profane servitor
 42489 | D:14     | Escaped the Abyss
 42499 | D:14     | Killed Louise
 43298 | D:14     | Identified the Handbook of Mutagenic Poison
 43405 | D:14     | Paralysed by a giant eyeball for 4 turns
 43550 | D:15     | Entered Level 15 of the Dungeon
 43565 | D:15     | Reached skill level 17 in Shields
 43974 | D:15     | Found a deep blue altar of Sif Muna.
 44023 | D:15     | Noticed Azrael
 44039 | D:15     | Killed Azrael
 44153 | D:15     | Found a staircase to the Depths.
 44298 | D:15     | Noticed Frances
 44310 | D:15     | Killed Frances
 44803 | Snake:1  | Entered Level 1 of the Snake Pit
 45779 | Snake:2  | Reached XP level 20. HP: 145/157 MP: 20/30
 46950 | Snake:3  | Noticed Vashnia
 47394 | Snake:3  | Killed Vashnia
 48314 | Snake:3  | Found a runed gate.
 48314 | Snake:3  | Found a runed gate.
 48314 | Snake:3  | Found a runed gate.
 48489 | Snake:3  | Noticed Aizul
 48601 | Snake:3  | Reached skill level 15 in Fighting
 48604 | Snake:3  | Killed Aizul
 50171 | Snake:4  | Found Ghyphyr's Food Boutique.
 50703 | Snake:5  | Entered Level 5 of the Snake Pit
 51515 | Snake:5  | Reached XP level 21. HP: 163/173 MP: 31/31
 52617 | Snake:5  | Reached skill level 18 in Fighting
 53723 | Snake:5  | Got a serpentine rune of Zot
 54346 | Vaults:1 | Entered Level 1 of the Vaults
 54879 | Vaults:1 | Noticed Norris
 54904 | Vaults:1 | Killed Norris
 55631 | Vaults:1 | Reached XP level 22. HP: 130/184 MP: 31/31
 56425 | Vaults:2 | Noticed Agnes
 56436 | Vaults:2 | Killed Agnes
 57458 | Vaults:3 | Reached skill level 19 in Dodging
 57493 | Vaults:3 | Found Shreckica's Food Boutique.
 57501 | Vaults:3 | Found a magical portal.
 57526 | WizLab   | Entered Wucad Mu's Monastery
 58341 | WizLab   | Reached XP level 23. HP: 190/190 MP: 32/32
 58367 | WizLab   | Gained mutation: Your system is resistant to poisons. [potion of beneficial mutation]
 59428 | Vaults:3 | Reached skill level 20 in Fighting
 59501 | Vaults:3 | Found a staircase to the Crypt.
 59543 | Vaults:3 | Noticed Frederick
 59559 | Vaults:3 | Killed Frederick
 59972 | Vaults:4 | Reached XP level 24. HP: 206/206 MP: 32/32
 60168 | Vaults:4 | Reached skill level 21 in Fighting
 61076 | Vaults:4 | Reached skill level 22 in Fighting
 62073 | Elf:3    | Killed Jorgrun
 62074 | Elf:3    | Noticed Gargoyl's ghost (mighty GrBe)
 62091 | Elf:3    | Killed Gargoyl's ghost
 62648 | Elf:3    | Cast into the Abyss (a deep elf sorcerer)
 62649 | Abyss:1  | Noticed a bone dragon
 62673 | Abyss:1  | Killed a bone dragon
 63063 | Abyss:1  | Found an ancient bone altar of Kikubaaqudgha.
 63399 | Elf:3    | Escaped the Abyss
 63479 | Elf:3    | Reached skill level 23 in Fighting
 64122 | Elf:3    | Reached XP level 25. HP: 219/221 MP: 33/33
 64619 | Elf:3    | Identified Skiac's Incunabulum of Talismans and Creation
 64624 | Elf:3    | Identified Plivvy's Grimoire of Dislocation
 64654 | Elf:3    | Got a shimmering helmet
 64655 | Elf:3    | Identified the -6 helmet of Oplopt {MR- Str+6} (You found it on level 3 of the Elven Halls)
 65137 | Shoals:1 | Entered Level 1 of the Shoals
 65840 | Shoals:2 | Noticed Polyphemus
 65844 | Shoals:2 | Found Veseax's Food Emporium.
 65879 | Shoals:2 | HP: 8/223 [Polyphemus (12)]
 66114 | Shoals:1 | Killed Polyphemus
 66277 | Shoals:2 | Noticed Snorg
 66289 | Shoals:2 | Killed Snorg
 66331 | Shoals:2 | Reached skill level 24 in Fighting
 66449 | Shoals:2 | Noticed Roxanne
 66480 | Shoals:2 | Killed Roxanne
 67057 | Shoals:3 | Noticed Ilsuiw
 67101 | Shoals:3 | Killed Ilsuiw
 68286 | Shoals:4 | Noticed Kirke
 68300 | Shoals:4 | Killed Kirke
 68310 | Shoals:4 | Found Wugg's Assorted Antiques.
 68324 | Shoals:4 | Bought a twitching iron ring for 185 gold pieces
 68324 | Shoals:4 | Identified the ring of Elaryaf {-Tele rElec rF+ rN+ MP+9} (You bought it in a shop on level 4 of the Shoals)
 68702 | Shoals:5 | Entered Level 5 of the Shoals
 68915 | Shoals:5 | Got a distressingly furry plate armour
 68916 | Shoals:5 | Identified the +10 plate armour of the Ladybird {Regen+ Str+2 Dex+2} (You found it on level 5 of the Shoals)
 69073 | Shoals:5 | Got a barnacled rune of Zot
 69285 | Shoals:5 | Reached XP level 26. HP: 166/231 MP: 33/33
 69389 | Shoals:5 | Noticed Wiglaf
 69398 | Shoals:5 | Killed Wiglaf
 70360 | Vaults:5 | Entered Level 5 of the Vaults
 70750 | Vaults:5 | Reached skill level 15 in Armour
 70979 | Vaults:5 | Reached XP level 27. HP: 222/238 MP: 34/34
 71212 | Vaults:5 | Noticed an ancient lich
 71232 | Vaults:5 | Cast into the Abyss (an ancient lich)
 71254 | Abyss:1  | Found a corrupted altar of Lugonu.
 71382 | Abyss:1  | Found a corrupted altar of Lugonu.
 71489 | Abyss:1  | Found a stormy altar of Qazlal.
 71494 | Abyss:1  | Found a corrupted altar of Lugonu.
 71663 | Abyss:1  | Got a pitted chain mail
 71885 | Abyss:1  | Gained mutation: You are frail (-10% HP). [a cacodemon]
 71889 | Abyss:1  | Gained mutation: Your spells are a little easier to cast, but a little less powerful. [a cacodemon]
 72304 | Abyss:1  | Found a corrupted altar of Lugonu.
 72331 | Abyss:1  | Paralysed by you for 5 turns
 72475 | Abyss:1  | Found a corrupted altar of Lugonu.
 73053 | Vaults:5 | Escaped the Abyss
 73102 | Vaults:5 | HP: 8/214 [eldritch tentacle[a lich] (29)]
 73310 | Vaults:5 | Noticed an ancient lich
 73319 | Vaults:5 | Killed an ancient lich
 73643 | Vaults:5 | Got a silver rune of Zot
 73703 | Vaults:5 | Killed an ancient lich
 73936 | Vaults:5 | Identified the +5 chain mail of Muabloir {rElec Str-3 Int+6} (You found it on level 1 of the Abyss)
 73945 | Vaults:5 | Got a smoking dire flail
 73946 | Vaults:5 | Identified the cursed -2 dire flail of the Coward {pain, rElec} (You took it off an orc knight on level 5 of the Vaults)
 74621 | Depths:1 | Entered Level 1 of the Depths
 74621 | Depths:1 | Found Gocesh's One-of-a-Kind Books.
 74829 | Depths:1 | Noticed ThorGoll's ghost (mighty OgAE)
 74837 | Depths:1 | Killed ThorGoll's ghost
 74981 | Depths:1 | Found a gateway to Hell.
 75250 | Depths:1 | Gained mutation: You are clumsy. (Dex -2) [a neqoxec]
 75789 | Depths:1 | Got a slimy steel ring
 75790 | Depths:1 | Identified the ring of Utirph {MR+ Str+7} (You took it off a spriggan berserker on level 1 of the Depths)
 76386 | Depths:1 | Found a corrupted altar of Lugonu.
 76386 | Depths:1 | Found a one-way gate to the infinite horrors of the Abyss.
 77078 | Depths:2 | Found a gateway to a ziggurat.
 77738 | Depths:2 | Found an iron altar of Okawaru.
 77909 | Depths:2 | Got an uncursed brightly glowing war axe {flame}
 77910 | Depths:2 | Identified the +9 war axe of Piq Iprax {flame, +Fly rC- MP+9 Str+2} (You took it off a yaktaur captain on level 2 of the Depths)
 78398 | Depths:3 | Found a portal to a secret trove of treasure.
 78712 | Depths:3 | Noticed Sojobo
 78732 | Depths:3 | Killed Sojobo
 78978 | Depths:3 | Found a one-way gate leading to the halls of Pandemonium.
 80237 | Depths:4 | Got a scorched lapis lazuli ring
 80241 | Depths:4 | Identified the ring "Kioh" {rF+ Int+6} (You found it on level 4 of the Depths)
 80264 | Depths:4 | Identified the Almanac of the Mountains
 80413 | Depths:5 | Entered Level 5 of the Depths
 80534 | Depths:5 | Identified a scroll of acquirement
 80702 | Depths:5 | Got an uncursed iridescent battleaxe {flame}
 80703 | Depths:5 | Identified the +9 battleaxe "Killer Klown's Foe" {flame, rPois rC+ SInv} (You took it off a yaktaur on level 5 of the Depths)
 80784 | Depths:5 | Got a slimy granite ring
 80872 | Depths:5 | Identified the ring "Giorez" {Ice Stlth+} (You took it off a merfolk aquamancer on level 5 of the Depths)
 80969 | Depths:5 | Found a gate to the Realm of Zot.
 81206 | Depths:5 | Found Gurhu's Antique Armour Emporium.
 81333 | Depths:5 | Got a crude glass ring
 81334 | Depths:5 | Identified the cursed ring of Khigagy {MR- MP+9 Dex-4 Slay+3} (You found it on level 5 of the Depths)
 81617 | Zot:1    | Entered Level 1 of the Realm of Zot
 82807 | Zot:2    | Reached skill level 25 in Axes
 83565 | Zot:3    | Noticed an orb of fire
 83575 | Zot:3    | Killed an orb of fire
 85487 | Zot:5    | Entered Level 5 of the Realm of Zot
 85862 | Zot:5    | Noticed an orb of fire
 85874 | Zot:5    | Gained mutation: You heal slowly when monsters are visible. [an orb of fire]
 85876 | Zot:5    | Noticed an orb of fire
 85883 | Zot:5    | Lost mutation: You are clumsy. (Dex -2) [an orb of fire]
 85886 | Zot:5    | Killed an orb of fire
 85891 | Zot:5    | Noticed an ancient lich
 85895 | Zot:5    | Gained mutation: You are dopey. (Int -2) [an orb of fire]
 85903 | Zot:5    | Noticed an orb of fire
 85933 | Zot:5    | Gained mutation: You expend magic power (3 MP) to slightly strengthen your wands. [an orb of fire]
 85944 | Zot:5    | Gained mutation: Your body is slowly deteriorating. [an orb of fire]
 85947 | Zot:5    | Gained mutation: You tend to lose your temper in combat. [an orb of fire]
 85948 | Zot:5    | Killed an orb of fire
 85949 | Zot:5    | Noticed an ancient lich
 85949 | Zot:5    | HP: 10/214 [orb of fire/fireball (28)]
 85950 | Zot:5    | Noticed an orb of fire
 85966 | Zot:5    | Gained mutation: You are very frail (-20% HP). [an orb of fire]
 85967 | Zot:5    | Noticed an orb of fire
 85971 | Zot:5    | Killed an orb of fire
 85986 | Zot:5    | Gained mutation: Armour fits poorly on your strangely shaped body. [an orb of fire]
 85994 | Zot:5    | Killed an orb of fire
 86119 | Zot:5    | Noticed an orb of fire
 86119 | Zot:5    | Gained mutation: You occasionally shout uncontrollably at your foes. [an orb of fire]
 86119 | Zot:5    | Gained mutation: Your magical capacity is low (-10% MP). [an orb of fire]
 86130 | Zot:5    | Lost mutation: Your body is slowly deteriorating. [an orb of fire]
 86135 | Zot:5    | Killed an orb of fire
 86293 | Zot:5    | Killed an ancient lich
 86325 | Zot:5    | Killed an orb of fire
 86384 | Zot:5    | Killed an ancient lich
 86523 | Zot:5    | Noticed an orb of fire
 86523 | Zot:5    | Gained mutation: Scrolls take you a little longer to read. [an orb of fire]
 86525 | Zot:5    | Gained mutation: You expend magic power (6 MP) to strengthen your wands. [an orb of fire]
 86546 | Zot:5    | Killed an orb of fire
 86700 | Zot:5    | Got a shimmering hat
 86711 | Zot:5    | Identified the cursed +0 hat of Summertime {+Fly Str+4} (You found it on level 5 of the Realm of Zot)
 86740 | Zot:5    | Lost mutation: Scrolls take you a little longer to read. [potion of cure mutation]
 86740 | Zot:5    | Lost mutation: Your spells are a little easier to cast, but a little less powerful. [potion of cure mutation]
 86740 | Zot:5    | Lost mutation: Armour fits poorly on your strangely shaped body. [potion of cure mutation]
 86740 | Zot:5    | Lost mutation: You expend magic power (6 MP) to strengthen your wands. [potion of cure mutation]
 88074 | Zig:1    | Entered Level 1 of a ziggurat
 88114 | Zig:2    | Entered Level 2 of a ziggurat
 88236 | Zig:2    | Lost mutation: You are very frail (-20% HP). [potion of cure mutation]
 88236 | Zig:2    | Lost mutation: Your magical capacity is low (-10% MP). [potion of cure mutation]
 88236 | Zig:2    | Lost mutation: You are frail (-10% HP). [potion of cure mutation]
 88236 | Zig:2    | Lost mutation: You expend magic power (3 MP) to slightly strengthen your wands. [potion of cure mutation]
 88236 | Zig:2    | Lost mutation: You occasionally shout uncontrollably at your foes. [potion of cure mutation]
 88279 | Zig:3    | Entered Level 3 of a ziggurat
 88286 | Zig:3    | Paralysed by accursed screaming for 2 turns
 88289 | Zig:3    | Paralysed by accursed screaming for 2 turns
 88363 | Zig:3    | Identified the Reference Book on Ice
 88380 | Zig:4    | Entered Level 4 of a ziggurat
 88383 | Zig:4    | Noticed a greater mummy
 88397 | Zig:4    | Killed a greater mummy
 88481 | Zig:5    | Entered Level 5 of a ziggurat
 88657 | Zig:5    | Identified Ykyv's Compendium of Transformation
 88675 | Zig:6    | Entered Level 6 of a ziggurat
 88733 | Zig:6    | Got a flickering platinum amulet
 88735 | Zig:6    | Got a flickering marble ring
 88752 | Zig:6    | Identified the amulet of Truth {Ward rPois rF+ rN+ Int-4} (You found it on level 6 of a ziggurat)
 88756 | Zig:6    | Identified the ring "Cuti" {MR+ Str+5} (You found it on level 6 of a ziggurat)
 88767 | Zig:7    | Entered Level 7 of a ziggurat
 88952 | Zig:8    | Entered Level 8 of a ziggurat
 88959 | Zig:8    | Noticed Fennupna the pandemonium lord
 88975 | Zig:8    | Gained mutation: You are frail (-10% HP). [a neqoxec]
 88985 | Zig:8    | Killed Fennupna the pandemonium lord
 89103 | Zig:8    | Got a pitted marble ring
 89104 | Zig:8    | Identified the ring "Cacrua Miuno" {+Blink rC+ Str+5 Dex-2} (You found it on level 8 of a ziggurat)
 89120 | Zig:9    | Entered Level 9 of a ziggurat
 89181 | Zig:10   | Entered Level 10 of a ziggurat
 89346 | Zig:10   | Got a shimmering wooden ring
 89347 | Zig:10   | Identified the ring "Miehis" {Fire rElec Str-3 Dex+2 Slay+3} (You found it on level 10 of a ziggurat)
 89350 | Zig:10   | Got a pair of pitted boots
 89351 | Zig:10   | Identified the +1 pair of boots of the Moon {rF- Dex+3} (You found it on level 10 of a ziggurat)
 89358 | Zig:10   | Got an emerald-encrusted ring mail
 89359 | Zig:10   | Identified the cursed -5 ring mail of Minor Irritation {rPois rF+ rN+} (You found it on level 10 of a ziggurat)
 89368 | Zig:11   | Entered Level 11 of a ziggurat
 89372 | Zig:11   | Noticed an ancient lich
 89378 | Zig:11   | Killed an ancient lich
 89567 | Zig:12   | Entered Level 12 of a ziggurat
 89585 | Zig:12   | Noticed an ancient lich
 89613 | Zig:12   | HP: 7/214 [Ice Fiend[an ancient lich] (53)]
 89621 | Zig:12   | Killed an ancient lich
 89621 | Zig:12   | HP: 7/214 [golden dragon/bolt of cold (34)]
 89975 | Zig:12   | Got a pair of heavily runed gloves
 89986 | Zig:12   | Identified the +2 pair of gloves of the Assorted Orbs {rElec rC+ Int+3 Slay-3} (You acquired it on level 12 of a ziggurat)
 90021 | Zig:13   | Entered Level 13 of a ziggurat
 90286 | Zig:13   | Lost mutation: You are dopey. (Int -2) [potion of cure mutation]
 90286 | Zig:13   | Lost mutation: You are frail (-10% HP). [potion of cure mutation]
 90286 | Zig:13   | Lost mutation: You tend to lose your temper in combat. [potion of cure mutation]
 90286 | Zig:13   | Lost mutation: Your system is resistant to poisons. [potion of cure mutation]
 90286 | Zig:13   | Lost mutation: You heal slowly when monsters are visible. [potion of cure mutation]
 90355 | Zig:14   | Entered Level 14 of a ziggurat
 90358 | Zig:14   | Noticed Uberwunderbarhen's ghost (legendary GrFi)
 90397 | Zig:14   | Killed Uberwunderbarhen's ghost
 90759 | Zig:14   | Got a fine ivory ring
 90761 | Zig:14   | Identified the ring "Tris" {rElec rPois rF+ MR- Int+2 Dex+4} (You found it on level 14 of a ziggurat)
 90784 | Zig:14   | Identified the Grimoire of Torrid Blows and Bruises
 90788 | Zig:15   | Entered Level 15 of a ziggurat
 91074 | Zig:15   | Got a bound pewter amulet
 91075 | Zig:15   | Identified the amulet "Wiaddius" {Clar Str+4} (You found it on level 15 of a ziggurat)
 91086 | Zig:15   | Got a slimy zirconium amulet
 91088 | Zig:15   | Identified the amulet "Cabopir" {Clar rF+ MR+} (You found it on level 15 of a ziggurat)
 91116 | Zig:16   | Entered Level 16 of a ziggurat
 91123 | Zig:16   | Noticed Booxt the pandemonium lord
 91126 | Zig:16   | Noticed Bimyta the pandemonium lord
 91128 | Zig:16   | Noticed Zyen the pandemonium lord
 91129 | Zig:16   | Killed Booxt the pandemonium lord
 91144 | Zig:16   | Noticed Qazix the pandemonium lord
 91146 | Zig:16   | Killed Zyen the pandemonium lord
 91149 | Zig:16   | Noticed Doneck the pandemonium lord
 91157 | Zig:16   | Banished Doneck the pandemonium lord
 91166 | Zig:16   | Killed Bimyta the pandemonium lord
 91204 | Zig:16   | Killed Qazix the pandemonium lord
 91433 | Zig:17   | Entered Level 17 of a ziggurat
 91463 | Zig:17   | Noticed an orb of fire
 91468 | Zig:17   | Noticed an orb of fire
 91469 | Zig:17   | Noticed an orb of fire
 91469 | Zig:17   | Noticed an orb of fire
 91472 | Zig:17   | Noticed an orb of fire
 91474 | Zig:17   | Noticed an orb of fire
 91474 | Zig:17   | Gained mutation: You are weak. (Str -2) [an orb of fire]
 91478 | Zig:17   | Gained mutation: Scrolls take you a little longer to read. [an orb of fire]
 91480 | Zig:17   | Gained mutation: Scrolls take you longer to read. [an orb of fire]
 91483 | Zig:17   | Banished an orb of fire
 91483 | Zig:17   | Gained mutation: You heal slowly when monsters are visible. [an orb of fire]
 91485 | Zig:17   | Killed an orb of fire
 91485 | Zig:17   | Reached skill level 26 in Dodging
 91485 | Zig:17   | Banished an orb of fire
 91490 | Zig:17   | Gained mutation: You are frail (-10% HP). [an orb of fire]
 91491 | Zig:17   | Killed an orb of fire
 91491 | Zig:17   | Gained mutation: You are very frail (-20% HP). [an orb of fire]
 91493 | Zig:17   | Killed an orb of fire
 91497 | Zig:17   | Gained mutation: Scrolls take you much longer to read. [an orb of fire]
 91498 | Zig:17   | Killed an orb of fire
 91690 | Zig:17   | Lost mutation: You heal slowly when monsters are visible. [potion of cure mutation]
 91690 | Zig:17   | Lost mutation: You are weak. (Str -2) [potion of cure mutation]
 91690 | Zig:17   | Lost mutation: You are very frail (-20% HP). [potion of cure mutation]
 91690 | Zig:17   | Lost mutation: Scrolls take you much longer to read. [potion of cure mutation]
 91690 | Zig:17   | Lost mutation: Scrolls take you longer to read. [potion of cure mutation]
 91750 | Zig:17   | Got a pair of twisted boots
 91756 | Zig:17   | Identified the +2 pair of boots "Mnoev" {rN+ Stlth+} (You found it on level 17 of a ziggurat)
 91798 | Zig:18   | Entered Level 18 of a ziggurat
 91833 | Zig:18   | Noticed Hysyisae the pandemonium lord
 91841 | Zig:18   | HP: 6/214 [smoke demon/divine providence (16)]
 91845 | Zig:18   | Killed from afar by a hellion

Action                   |  1- 3 |  4- 6 |  7- 9 | 10-12 | 13-15 | 16-18 | 19-21 | 22-24 | 25-27 || total
-------------------------+-------+-------+-------+-------+-------+-------+-------+-------+-------++-------
Melee: War axe           |   125 |   118 |   506 |   382 |  1016 |  1896 |  2047 |   819 |       ||  6909
       Broad axe         |       |       |       |   464 |    82 |       |       |   800 |  5101 ||  6447
       Trident           |       |       |       |       |    80 |     9 |       |       |       ||    89
       Demon trident     |       |       |       |       |       |       |    47 |       |     3 ||    50
Invok: Bend Time         |       |       |       |     4 |     3 |     3 |     3 |     1 |     4 ||    18
       Temporal Distorti |       |       |       |       |       |     3 |     3 |     1 |     3 ||    10
       Slouch            |       |       |       |       |       |     1 |       |       |     8 ||     9
       Step From Time    |       |       |       |       |       |       |       |     2 |     2 ||     4
 Abil: Evoke Flight      |       |       |       |       |       |       |       |       |     1 ||     1
Evoke: Wand              |       |       |       |     1 |    22 |       |     2 |       |    27 ||    52
  Use: Scroll            |     7 |     3 |     5 |    10 |    15 |    13 |     5 |     9 |    87 ||   154
       Potion            |       |     4 |     1 |     1 |     5 |     4 |     5 |    10 |    39 ||    69
 Stab: Invisible         |       |       |       |     1 |     7 |       |       |       |       ||     8
       Fleeing           |       |       |       |       |       |     1 |       |       |       ||     1
       Petrifying        |       |       |       |       |       |       |       |       |     1 ||     1
       Petrified         |       |       |       |       |       |       |       |       |     1 ||     1
       Distracted        |       |       |       |       |       |       |       |       |     1 ||     1
       Confused          |       |       |       |       |       |       |       |       |     1 ||     1
  Eat: Chunk             |     1 |     4 |    10 |    19 |    25 |    23 |    21 |    10 |    14 ||   127
       Beef jerky        |       |     1 |       |       |     4 |       |     1 |       |     6 ||    12
       Bread ration      |       |       |     1 |     1 |     1 |     1 |       |       |     6 ||    10
       Pizza             |       |       |       |       |     5 |       |     1 |     1 |     3 ||    10
       Meat ration       |       |       |       |       |     1 |     2 |     1 |     2 |     6 ||    12
       Royal jelly       |       |       |       |       |     1 |       |     2 |     1 |     3 ||     7
       Fruit             |       |       |       |       |       |     2 |     1 |     5 |    10 ||    18
